 Dungeon Crawl Stone Soup version 0.24.0-123-gd5b16e6ec5 (webtiles) character file.

Game seed: 3570181416593130556, levelgen mode: deterministic

192 Curus the Spear-Bearer (level 5, -8/38 HPs)
             Began as a Merfolk Gladiator on Dec 18, 2019.
             Mangled by a crocodile (17 damage)
             ... in a sewer.
             The game lasted 00:11:54 (2135 turns).

Curus the Spear-Bearer (Merfolk Gladiator)          Turns: 2135, Time: 00:11:54

Health: -8/38      AC:  6    Str: 14 (15) XL:     5   Next: 71%
Magic:  5/5        EV: 14    Int:  6 (7)  God:
Gold:   117        SH:  0    Dex: 15 (16) Spells: 4/4 levels left

rFire    . . .     SeeInvis .   a - +0 trident
rCold    . . .     Gourm    +   (no shield)
rNeg     . . .     Faith    .   b - +0 leather armour
rPois    .         Spirit   .   c - +1 helmet
rElec    .         Reflect  .   h - scarf {repulsion}
rCorr    .         Harm     .   (no gloves)
MR       +....                  e - +0 pair of boots
Stlth    +.........             k - amulet of the gourmand
HPRegen  0.12/turn              (no ring)
MPRegen  0.09/turn              (no ring)

@: repel missiles
A: change form in water, swift swim, stealthy swim, blink, magic resistance 1
a: Blink


You were in a sewer.
You were not hungry.

You visited 1 branch of the dungeon, and saw 4 of its levels.
You also visited: Sewer.

You collected 117 gold pieces.

Inventory:

Hand Weapons
 a - a +0 trident (weapon)
Missiles
 d - 2 throwing nets (quivered)
Armour
 b - a +0 leather armour (worn)
 c - a +1 helmet (worn)
 e - a +0 pair of boots (worn)
 h - a scarf of repulsion (worn)
 j - a scarf of spirit shield
Jewellery
 k - an amulet of the gourmand (around neck)
Scrolls
 g - a scroll of identify
 n - a scroll of remove curse
 o - a scroll of teleportation
Potions
 i - 2 potions of haste
 l - a potion of brilliance
 m - a potion of flight
Comestibles
 f - 8 rations


   Skills:
 - Level 2.1 Fighting
 + Level 9.0 Polearms
 - Level 2.0 Throwing
 - Level 4.0 Dodging


You had 4 spell levels left.
You didn't know any spells.
Your spell library was empty.

Dungeon Overview and Level Annotations

Branches:
Dungeon (4/15)              Sewer (1/1)
 Temple: D:4-7

Altars:
Uskayaw
Xom


Innate Abilities, Weirdness & Mutations

You revert to your normal form in water.
You are very nimble and swift while swimming.
You are very stealthy in the water. (Stealth+)
You can translocate small distances at will.
You are resistant to hostile enchantments. (MR+)


Message History

A crocodile comes into view.
Found a scale mail and 17 gold pieces.
Attack whom?
Press: ? - help, Dir - move target cursor, f - crocodile
Aim: a crocodile You reach to attack!
You closely miss the crocodile. You hit the crocodile but do no damage.
The crocodile bites you!
You puncture the crocodile!
The crocodile is moderately wounded.
The crocodile bites you!
* * * LOW HITPOINT WARNING * * *
You hit the crocodile but do no damage.
The crocodile is moderately wounded.
Throwing (i - inventory)
d - 3 throwing nets (quivered)
Press: ? - help, Shift-Dir - straight line, f/p - crocodile
Aim: a crocodile (moderately wounded)
You throw a throwing net.
The throwing net closely misses the crocodile.
The crocodile bites you!
You die...

##...## ##.## #.#
#.# #.# ### #.#
.... #.# .....
#######.####.....$
..........@t.....(
############.....$
..... .... ###


You could see a crocodile.

Vanquished Creatures
  A hound (D:4)
  Jessica (D:2)
  2 river rats (D:4)
  4 adders
  4 worms (D:2)
  2 dart slugs (D:1)
  11 bats
  2 giant cockroaches
  8 goblins
  2 hobgoblins (D:3)
  10 jackals
  5 kobolds
  2 quokkas
  2 ball pythons
  A frilled lizard (D:3)
  A leopard gecko skeleton (D:4)
  8 rats
66 creatures vanquished.

Notes
Turn   | Place    | Note
-------+----------+-------------------------------------------
     0 | D:1      | Curus the Merfolk Gladiator began the quest for the Orb.
     0 | D:1      | Reached XP level 1. HP: 16/16 MP: 1/1
   200 | D:1      | Reached skill level 5 in Polearms
   205 | D:1      | Reached XP level 2. HP: 19/22 MP: 2/2
   423 | D:1      | Reached skill level 6 in Polearms
   423 | D:1      | Reached XP level 3. HP: 19/27 MP: 3/3
   463 | D:1      | Gained mutation: You tend to lose your temper in combat.
                  | [potion of mutation]
   463 | D:1      | Lost mutation: You tend to lose your temper in combat.
                  | [potion of mutation]
   463 | D:1      | Gained mutation: You are resistant to hostile enchantments.
                  | (MR+) [potion of mutation]
   463 | D:1      | Gained mutation: You can translocate small distances at
                  | will. [potion of mutation]
   629 | D:2      | Found a shimmering altar of Xom.
   703 | D:2      | Noticed a -2 hand axe
   705 | D:2      | Noticed a +0 dagger
   736 | D:2      | Reached skill level 7 in Polearms
   736 | D:2      | Reached XP level 4. HP: 15/33 MP: 4/4
   929 | D:2      | Found a hide-covered altar of Uskayaw.
  1003 | D:2      | Noticed Jessica
  1010 | D:2      | Killed Jessica
  1551 | D:3      | Reached skill level 8 in Polearms
  1558 | D:3      | Reached XP level 5. HP: 38/38 MP: 5/5
  1900 | D:4      | Found a glowing drain.
  2090 | Sewer    | Entered a sewer
  2098 | Sewer    | Reached skill level 9 in Polearms
  2128 | Sewer    | Noticed a crocodile
  2135 | Sewer    | Mangled by a crocodile

Levels and vault maps discovered:
D:1:      wheals_arrival_linesprint, layout_basic
D:2:      layout_rooms, dancing_weapons_uskayaw, overflow_temple_1_default,
          grunt_ministairs_7, minmay_misc_feat_room, kennysheep_jessica_study
D:3:      layout_rooms, grunt_decor_resistance, hangedman_abyss_or_decor_stabs,
          minmay_misc_feat_nine_boxes
D:4:      layout_cave_pools, portal_sewer_entry_b
Sewer:    sewer_big_baddie

Skill      XL: |  1  2  3  4  5 |
---------------+----------------+-----
Polearms       | 5 6 7 8 9 |  9.0
Fighting       | |  2.1
Throwing       | |  2.0
Dodging        | |  4.0

Action                   |  1- 3 |  4- 6 || total
-------------------------+-------+-------++-------
Melee: Trident           |   129 |   122 ||   251
Throw: Throwing net      |       |     1 ||     1
  Use: Potion            |     6 |     3 ||     9
       Scroll            |     3 |     3 ||     6
 Stab: Sleeping          |     2 |       ||     2
  Eat: Chunk             |       |     4 ||     4
Armor: Leather armour    |    41 |    45 ||    86
Dodge: Dodged            |   111 |    96 ||   207
       Deflected         |       |     1 ||     1
